[Event "2023 Mary Thomson Cup (Division A)"]
[Site "Woodvale, Perth WA AUS"]
[Date "2023.02.08"]
[Round "2"]
[White "Laubbacher, Jamie"]
[Black "Maggs, Derwent"]
[Result "1/2-1/2"]
[ECO "A65"]
[WhiteElo "2179"]
[BlackElo "2307"]
[PlyCount "78"]
[EventDate "2023.02.01"]
[EventType "tourn"]
[EventRounds "7"]
[EventCountry "AUS"]
[TimeControl "3600+30"]

1. d4 Nf6 2. c4 g6 3. Nc3 Bg7 4. e4 d6 5. f3 O-O 6. Bg5 c5 7. d5 a6 8. a4 h6 9.
Be3 e6 10. Qd2 exd5 11. cxd5 Kh7 12. Nge2 Nbd7 13. Ng3 h5 14. Be2 h4 15. Nf1
Ng8 16. Bg5 Bf6 17. Be3 Ne5 18. h3 g5 19. Nh2 Ng6 20. Ng4 Bxg4 21. hxg4 Kg7 22.
e5 Bxe5 23. Bxg5 Qb6 24. f4 Bd4 25. f5 Ne5 26. f6+ Nxf6 27. Bh6+ Kg8 28. Bxf8
Kxf8 29. Rxh4 Ng6 30. Rh3 Re8 31. O-O-O Re5 32. Bc4 Nxg4 33. Re1 Nf2 34. Rxe5
Nxe5 35. Rh8+ Ke7 36. Qg5+ Kd7 37. Qf5+ Ke7 38. Qg5+ Kd7 39. Qf5+ Ke7 1/2-1/2

[Event "2023 Mary Thomson Cup (Division B)"]
[Site "Woodvale, Perth WA AUS"]
[Date "2023.02.08"]
[Round "2"]
[White "De Yaak, Peter"]
[Black "Janceski, Alex"]
[Result "1-0"]
[ECO "B22"]
[WhiteElo "1892"]
[BlackElo "1870"]
[PlyCount "59"]
[EventDate "2023.02.01"]
[EventType "tourn"]
[EventRounds "7"]
[EventCountry "AUS"]
[TimeControl "3600+30"]

1. e4 c5 2. c3 d6 3. d4 cxd4 4. cxd4 e6 5. Nf3 a6 6. Nc3 b5 7. a3 Bb7 8. Bd3
Nd7 9. O-O Ngf6 10. Bg5 Be7 11. Qc2 Rc8 12. h3 h6 13. Bh4 O-O 14. Nh2 e5 15. d5
Nc5 16. Bg3 Nh5 17. Qe2 Nxg3 18. fxg3 Qb6 19. Kh1 Nb3 20. Rad1 Nd4 21. Qf2 b4
22. Ne2 bxa3 23. bxa3 Qa5 24. Nxd4 exd4 25. Qxd4 Bf6 26. Rxf6 gxf6 27. Qxf6 Rc3
28. Ng4 Qxa3 29. Nxh6+ Kh7 30. Nf5 1-0

[Event "2023 Mary Thomson Cup (Division B)"]
[Site "Woodvale, Perth WA AUS"]
[Date "2023.02.08"]
[Round "2"]
[White "Leonhardt, Wolfgang"]
[Black "Clarke, Daniel"]
[Result "0-1"]
[ECO "C55"]
[WhiteElo "1778"]
[BlackElo "1854"]
[PlyCount "38"]
[EventDate "2023.02.01"]
[EventType "tourn"]
[EventRounds "7"]
[EventCountry "AUS"]
[TimeControl "3600+30"]

1. e4 e5 2. Nf3 Nc6 3. Bc4 Nf6 4. Nc3 Nxe4 5. Bxf7+ Kxf7 6. Nxe4 d5 7. Neg5+
Kg8 8. d4 h6 9. Nh3 Bxh3 10. gxh3 e4 11. Ne5 Qf6 12. Be3 Nxe5 13. dxe5 Qxe5 14.
Bd4 Qf5 15. Be3 c5 16. c3 Rd8 17. Qb3 Qf3 18. Rg1 b6 19. Rg3 Qh1+ 0-1

[Event "2023 Mary Thomson Cup (Division B)"]
[Site "Woodvale, Perth WA AUS"]
[Date "2023.02.08"]
[Round "2"]
[White "Curthoys, Edward"]
[Black "Barry, David"]
[Result "1/2-1/2"]
[ECO "B23"]
[WhiteElo "1826"]
[BlackElo "1895"]
[PlyCount "93"]
[EventDate "2023.02.01"]
[EventType "tourn"]
[EventRounds "7"]
[EventCountry "AUS"]
[TimeControl "3600+30"]

1. e4 c5 2. Nc3 Nc6 3. Bb5 Nd4 4. Bc4 a6 5. d3 e6 6. a4 d6 7. Nge2 Nxe2 8. Qxe2
Nf6 9. O-O Be7 10. Ba2 O-O 11. e5 dxe5 12. Qxe5 Bd7 13. f4 Bc6 14. f5 Bd6 15.
Qe2 exf5 16. Rxf5 Re8 17. Qf1 Bd7 18. Rf3 Be6 19. Bxe6 Rxe6 20. Bg5 Bxh2+ 21.
Kxh2 Ng4+ 22. Kg1 Qxg5 23. Ne4 Qe5 24. g3 Qd4+ 25. Nf2 Nxf2 26. Qxf2 Qxf2+ 27.
Rxf2 Rae8 28. Ra3 Re1+ 29. Kg2 f6 30. Rc3 b6 31. a5 R8e6 32. axb6 Rxb6 33. b3
Re5 34. Rf4 Kf7 35. Rfc4 Rb5 36. d4 cxd4 37. Rxd4 Rbc5 38. Rdc4 Rxc4 39. Rxc4
a5 40. Rc7+ Re7 41. Rc5 Ra7 42. Rc4 Kg6 43. Ra4 Rc7 44. c4 Rb7 45. Ra3 Kf5 46.
Kf3 h5 47. Rxa5+ 1/2-1/2

[Event "2023 Mary Thomson Cup (Division B)"]
[Site "Woodvale, Perth WA AUS"]
[Date "2023.02.08"]
[Round "2"]
[White "Mechlowski, Lennard"]
[Black "List, Ross"]
[Result "0-1"]
[ECO "E62"]
[WhiteElo "1805"]
[BlackElo "1773"]
[PlyCount "92"]
[EventDate "2023.02.01"]
[EventType "tourn"]
[EventRounds "7"]
[EventCountry "AUS"]
[TimeControl "3600+30"]

1. d4 Nf6 2. c4 g6 3. Nf3 Bg7 4. Nc3 O-O 5. g3 d6 6. Bg2 Nc6 7. O-O e5 8. d5
Nb8 9. Qc2 a5 10. e4 Na6 11. a3 Nc5 12. Rb1 Ncxe4 13. Nxe4 Nxe4 14. Nxe5 Nc5
15. Qd1 Bxe5 16. Ra1 a4 17. Re1 Bg7 18. Ra2 Bf5 19. Bf1 Re8 20. Be3 b6 21. Bxc5
bxc5 22. Re2 Bd4 23. b3 Rxe2 24. Bxe2 axb3 25. Qxb3 Rb8 26. Qf3 Rb1+ 27. Kg2
Qf6 28. Rd2 Bc8 29. Qxf6 Bxf6 30. h4 Rb2 31. Rxb2 Bxb2 32. a4 Bc3 33. Bd3 Bd7
34. Bc2 Kg7 35. f3 c6 36. dxc6 Bxc6 37. Kf2 Kf6 38. Ke2 Bb4 39. h5 Bd7 40. hxg6
fxg6 41. Kf2 Bf5 42. Bxf5 gxf5 43. Ke2 Ke5 44. Ke3 h6 45. f4+ Ke6 46. g4 fxg4
0-1

[Event "2023 Mary Thomson Cup (Division C)"]
[Site "Woodvale, Perth WA AUS"]
[Date "2023.02.08"]
[Round "2"]
[White "Garang, Kuol Awan"]
[Black "Browning, Thomas"]
[Result "1-0"]
[ECO "B21"]
[WhiteElo "1619"]
[BlackElo "1601"]
[PlyCount "58"]
[EventDate "2023.02.01"]
[EventType "tourn"]
[EventRounds "7"]
[EventCountry "AUS"]
[TimeControl "3600+30"]

1. e4 c5 2. f4 Nc6 3. Nf3 d6 4. c3 Bg4 5. Be2 Bxf3 6. Bxf3 e5 7. d3 Nf6 8. Na3
Be7 9. O-O O-O 10. Nc2 Rc8 11. Kh1 d5 12. exd5 Nxd5 13. fxe5 Nxe5 14. d4 Ng6
15. dxc5 Nf6 16. b4 b6 17. cxb6 axb6 18. Be3 Rxc3 19. Rc1 Bxb4 20. Qxd8 Rxd8
21. Bxb6 Rdc8 22. Rb1 Rxc2 23. Rxb4 Rc1 24. Kg1 Rxf1+ 25. Kxf1 Rb8 26. Bc5 Rxb4
27. Bxb4 Ne5 28. a4 Nxf3 29. gxf3 Nd5 {Scoresheet not clear} 1-0

[Event "2023 Mary Thomson Cup (Division C)"]
[Site "Woodvale, Perth WA AUS"]
[Date "2023.02.08"]
[Round "2"]
[White "Gough, Dylan"]
[Black "Oswald, Franz"]
[Result "1-0"]
[ECO "E51"]
[WhiteElo "1742"]
[BlackElo "1620"]
[PlyCount "81"]
[EventDate "2023.02.01"]
[EventType "tourn"]
[EventRounds "7"]
[EventCountry "AUS"]
[TimeControl "3600+30"]

1. d4 Nf6 2. c4 e6 3. Nc3 Bb4 4. Bd2 O-O 5. Nf3 d5 6. e3 b6 7. cxd5 exd5 8. h3
c5 9. a3 Bxc3 10. Bxc3 Nc6 11. Bb5 Bd7 12. Rc1 cxd4 13. Nxd4 Nxd4 14. Bxd7 Qxd7
15. Qxd4 Qf5 16. O-O Rfe8 17. f3 Qe6 18. Rfe1 Rad8 19. Qf4 Nh5 20. Qg4 Qg6 21.
Qxg6 hxg6 22. Kf2 Nf6 23. Bxf6 gxf6 24. Rc7 Re6 25. Rxa7 Rc6 26. Re2 Rdc8 27.
Rd7 Rc2 28. Rxd5 Rxe2+ 29. Kxe2 Rc2+ 30. Rd2 Rc6 31. Kd3 f5 32. Rc2 Rd6+ 33.
Kc4 Kg7 34. b4 Kf6 35. a4 Ke6 36. a5 bxa5 37. bxa5 Rc6+ 38. Kb3 Ra6 39. Ka4 Kd7
40. Kb5 Re6 41. Rc3 1-0

[Event "2023 Mary Thomson Cup (Division C)"]
[Site "Woodvale, Perth WA AUS"]
[Date "2023.02.08"]
[Round "2"]
[White "Hintz, Steven"]
[Black "De Vas, Yonal"]
[Result "0-1"]
[ECO "D02"]
[WhiteElo "1606"]
[BlackElo "1739"]
[PlyCount "60"]
[EventDate "2023.02.01"]
[EventType "tourn"]
[EventRounds "7"]
[EventCountry "AUS"]
[TimeControl "3600+30"]

1. d4 d5 2. Nf3 Nf6 3. Bf4 e6 4. e3 c5 5. c3 b6 6. Bd3 Nbd7 7. O-O Bb7 8. Nbd2
Be7 9. h3 O-O 10. Re1 Ne4 11. Bh2 Ndf6 12. a3 a5 13. Qe2 Bd6 14. Bxd6 Qxd6 15.
Ne5 Nxd2 16. Qxd2 Ne4 17. Qe2 f6 18. Nf3 e5 19. Red1 Kh8 20. dxe5 Qe6 21. exf6
Rxf6 22. Bxe4 Qxe4 23. Qd3 Qe7 24. Ne1 Raf8 25. Rd2 Rg6 26. Rad1 Qg5 27. Qf1
Rgf6 28. Nd3 Ba6 29. Qe1 Bxd3 30. Rxd3 Rxf2 {White attempted to play 31. Kxf2
before resigning.} 0-1

[Event "2023 Mary Thomson Cup (Division D)"]
[Site "Woodvale, Perth WA AUS"]
[Date "2023.02.08"]
[Round "2"]
[White "Knight, Charles"]
[Black "Leech, Martin"]
[Result "0-1"]
[ECO "C01"]
[WhiteElo "1507"]
[BlackElo "1424"]
[PlyCount "46"]
[EventDate "2023.02.01"]
[EventType "tourn"]
[EventRounds "7"]
[EventCountry "AUS"]
[TimeControl "3600+30"]

1. e4 e6 2. d4 d5 3. Nc3 Bb4 4. Bd3 c5 5. exd5 exd5 6. Nf3 c4 7. Be2 Nf6 8. Bg5
O-O 9. O-O Be6 10. Nb5 Be7 11. Ne5 a6 12. Nc3 Nbd7 13. f4 Nxe5 14. fxe5 Nd7 15.
Bxe7 Qxe7 16. Bf3 Nb6 17. Ne2 f6 18. c3 Rad8 19. Qc2 fxe5 20. dxe5 Bf5 21.
Bxd5+ Rxd5 22. Rxf5 Rxf5 23. Qxf5 Rxe5 0-1

[Event "2023 Mary Thomson Cup (Division D)"]
[Site "Woodvale, Perth WA AUS"]
[Date "2023.02.08"]
[Round "2"]
[White "Walker, Colin"]
[Black "Weijermars, Tristan"]
[Result "1-0"]
[ECO "C29"]
[WhiteElo "1410"]
[BlackElo "1520"]
[PlyCount "111"]
[EventDate "2023.02.01"]
[EventType "tourn"]
[EventRounds "7"]
[EventCountry "AUS"]
[TimeControl "3600+30"]

1. d4 d5 2. Nf3 Nf6 3. h3 Bf5 4. e3 e6 5. Nc3 Nbd7 6. Bd3 Bxd3 7. Qxd3 c6 8.
O-O Bd6 9. a3 O-O 10. Re1 Qc7 11. b4 a6 12. e4 dxe4 13. Nxe4 Nxe4 14. Rxe4 Nf6
15. Re1 Rad8 16. Bg5 Be7 17. Qe2 Rd7 18. Bxf6 Bxf6 19. c3 Re8 20. Qc2 Rde7 21.
Rad1 Rd8 22. Re2 Red7 23. Rde1 Rd5 24. Re4 b6 25. Qc1 c5 26. c4 R5d7 27. d5 Qd6
28. dxe6 fxe6 29. Rxe6 Qxe6 30. Rxe6 Rd1+ 31. Qxd1 Rxd1+ 32. Kh2 cxb4 33. axb4
Rc1 34. Rxb6 Rxc4 35. Rxa6 Rxb4 36. Ra2 h6 37. g3 Rb3 38. Kg2 Kf7 39. Re2 Kg6
40. Nh2 h5 41. f3 Rb1 42. f4 Kf5 43. Nf3 Rb2 44. Rxb2 Bxb2 45. Nd2 Bf6 46. Kf3
Bc3 47. Ne4 Bb4 48. g4+ hxg4+ 49. hxg4+ Kg6 50. f5+ Kf7 51. Kf4 Ba3 52. g5 Be7
53. g6+ Kg8 54. Ng5 Bxg5+ 55. Kxg5 Kf8 56. Kf4 {Time expired} 1-0

[Event "2023 Mary Thomson Cup (Division E)"]
[Site "Woodvale, Perth WA AUS"]
[Date "2023.02.08"]
[Round "2"]
[White "Powell, Darren"]
[Black "De Vas, Senudi"]
[Result "0-1"]
[ECO "C00"]
[WhiteElo "1355"]
[BlackElo "1247"]
[PlyCount "116"]
[EventDate "2023.02.01"]
[EventType "tourn"]
[EventRounds "7"]
[EventCountry "AUS"]
[TimeControl "3600+30"]

1. e4 e6 2. b3 d5 3. e5 c5 4. Bb2 Nc6 5. Bb5 Bd7 6. Nf3 Nge7 7. O-O a6 8. Be2
Qc7 9. a3 Ng6 10. d4 cxd4 11. Bxd4 Ngxe5 12. Re1 Nxf3+ 13. Bxf3 Nxd4 14. Qxd4
Qxc2 15. Bxd5 Bc5 16. Qf4 O-O 17. Be4 Qxb3 18. Qh4 g6 19. Nd2 Qa4 20. Qh6 Bc6
21. Nf3 Be7 22. Bxc6 Qxc6 23. Ne5 Qd5 24. Rad1 Qa5 25. Re3 Qa4 26. Rde1 Qh4 27.
Qxh4 Bxh4 28. Rh3 Be7 29. Rg3 Rac8 30. h3 Rc2 31. Nd3 Rc3 32. a4 Ra3 33. Re4
Bd6 34. f4 Ra1+ 35. Kh2 Ra3 36. Rd4 Bc7 37. Rb4 b6 38. Rc4 Bb8 39. Ne5 Rxg3 40.
Kxg3 Bxe5 41. fxe5 b5 42. axb5 axb5 43. Rb4 Rb8 44. Kf4 Kg7 45. Kg5 h6+ 46. Kg4
f6 47. exf6+ Kxf6 48. Rf4+ Ke5 49. Rf7 b4 50. Rd7 b3 51. Rd1 b2 52. Rb1 Kd4 53.
Kf3 Kc3 54. Rxb2 Rxb2 55. g4 e5 56. Ke4 Re2+ 57. Kf3 Kd3 58. Kg3 e4 0-1

[Event "2023 Mary Thomson Cup (Division F)"]
[Site "Woodvale, Perth WA AUS"]
[Date "2023.02.08"]
[Round "2"]
[White "Young, Manfred"]
[Black "Lanham, Bruce"]
[Result "0-1"]
[ECO "D00"]
[WhiteElo "1171"]
[BlackElo "1181"]
[PlyCount "58"]
[EventDate "2023.02.01"]
[EventType "swiss"]
[EventRounds "7"]
[EventCountry "AUS"]
[TimeControl "3600+30"]

1. d4 d5 2. Nf3 Nf6 3. Nc3 e6 4. h3 c5 5. Bg5 Nbd7 6. e3 Be7 7. Bb5 O-O 8. Bxd7
Bxd7 9. dxc5 Bxc5 10. O-O h6 11. Bh4 Be7 12. a3 Qb6 13. Ne5 Bc8 14. b4 Re8 15.
f4 Qxe3+ 16. Kh1 Qxc3 17. Rf3 Qc7 18. Bxf6 Bxf6 19. Ng4 Bxa1 20. Nxh6+ gxh6 21.
Qxa1 Kf8 22. Qh8+ Ke7 23. Qxh6 Bd7 24. Qg5+ f6 25. Qg7+ Kd8 26. Qxf6+ Re7 27.
Rc3 Qd6 28. f5 Be8 29. Re3 Kd7 0-1

[Event "2023 Mary Thomson Cup (Division F)"]
[Site "Woodvale, Perth WA AUS"]
[Date "2023.02.08"]
[Round "2"]
[White "Rennie, Mike"]
[Black "Dawoud, Ahmad"]
[Result "1-0"]
[ECO "C41"]
[WhiteElo "869"]
[BlackElo "923"]
[PlyCount "65"]
[EventDate "2023.02.01"]
[EventType "swiss"]
[EventRounds "7"]
[EventCountry "AUS"]
[TimeControl "3600+30"]

1. e4 e5 2. d3 d6 3. Nf3 Bg4 4. Nc3 Bxf3 5. Qxf3 Nd7 6. Be2 Ngf6 7. O-O Nb6 8.
b3 d5 9. Bb2 d4 10. Na4 Nxa4 11. bxa4 Qd7 12. c4 dxc3 13. Bxc3 Bd6 14. d4 Qe7
15. Bb2 exd4 16. a3 Be5 17. a5 a6 18. Bd1 O-O-O 19. Rb1 d3 20. Qh3+ Kb8 21. Kh1
Nxe4 22. Bxe5 Qxe5 23. Qe3 Rhe8 24. Bf3 f5 25. g3 Qxa5 26. Rbc1 Nd2 27. Qg5
Nxf1 28. Qxg7 d2 29. Rd1 Re1 30. Kg2 Rxd1 31. Qb2 b6 32. Qf6 Rc8 33. Qc6 1-0

[Event "2023 Mary Thomson Cup (Division F)"]
[Site "Woodvale, Perth WA AUS"]
[Date "2023.02.08"]
[Round "2"]
[White "Brooke, John"]
[Black "Frankland, David"]
[Result "1-0"]
[ECO "C41"]
[WhiteElo "1301"]
[BlackElo "1047"]
[PlyCount "73"]
[EventDate "2023.02.01"]
[EventType "swiss"]
[EventRounds "7"]
[EventCountry "AUS"]
[TimeControl "3600+30"]

1. e4 e5 2. Nf3 d6 3. h3 h6 4. Nc3 c6 5. d4 f6 6. d5 Ne7 7. Bc4 b5 8. Bb3 Ba6
9. a3 c5 10. Bd2 c4 11. Ba2 Ng6 12. Qc1 Nd7 13. b4 Be7 14. a4 bxa4 15. Nxa4 O-O
16. c3 f5 17. exf5 Rxf5 18. Bb1 Rf6 19. Nb2 Nf4 20. Nh4 Nd3+ 21. Nxd3 cxd3 22.
Rxa6 g5 23. Nf3 Nb8 24. Ra1 e4 25. Nd4 Nd7 26. Ne6 Qb6 27. Be3 Qb7 28. Bxg5
Rxf2 29. Kxf2 Bxg5 30. Nxg5 Rf8+ 31. Kg3 Qxd5 32. Ba2 Qxa2 33. Rxa2 hxg5 34.
Qxg5+ Kh7 35. Qe7+ Kg8 36. Qxd7 e3 37. Rxa7 1-0

[Event "2023 Mary Thomson Cup (Division A)"]
[Site "Woodvale, Perth WA AUS"]
[Date "2023.02.15"]
[Round "3"]
[White "Maggs, Derwent"]
[Black "Saxon, Marc"]
[Result "0-1"]
[ECO "D89"]
[WhiteElo "2307"]
[BlackElo "1977"]
[PlyCount "68"]
[EventDate "2023.02.01"]
[EventType "tourn"]
[EventRounds "7"]
[EventCountry "AUS"]
[TimeControl "3600+30"]

1. d4 Nf6 2. c4 g6 3. Nc3 d5 4. cxd5 Nxd5 5. e4 Nxc3 6. bxc3 Bg7 7. Bc4 c5 8.
Ne2 Nc6 9. Be3 O-O 10. O-O Bg4 11. f3 Na5 12. Bd3 cxd4 13. cxd4 Be6 14. d5 Bxa1
15. Qxa1 f6 16. Qd4 Bf7 17. Bh6 Re8 18. Bb5 e5 19. Qf2 Re7 20. f4 exf4 21. Bd3
Nc6 22. Qxf4 Qb6+ 23. Kh1 Ne5 24. Bc2 Rc8 25. Bb3 Nd3 26. Qh4 Rce8 27. d6 Qxd6
28. Rxf6 Qc5 29. Rf5 Qb6 30. Rxf7 Rxf7 31. h3 Rxe4 32. Qg3 Ne5 33. Nc3 Qd4 34.
Nxe4 Qxe4 {Time expired} 0-1

[Event "2023 Mary Thomson Cup (Division A)"]
[Site "Woodvale, Perth WA AUS"]
[Date "2023.02.15"]
[Round "3"]
[White "Lakner, Jay"]
[Black "Laubbacher, Jamie"]
[Result "0-1"]
[ECO "A29"]
[WhiteElo "2123"]
[BlackElo "2179"]
[PlyCount "200"]
[EventDate "2023.02.01"]
[EventType "tourn"]
[EventRounds "7"]
[EventCountry "AUS"]
[TimeControl "3600+30"]

1. c4 e5 2. Nc3 Nf6 3. Nf3 Nc6 4. g3 d5 5. cxd5 Nxd5 6. Bg2 Bc5 7. Nxe5 Nxc3 8.
Bxc6+ bxc6 9. Qb3 Qd5 10. Qxd5 Nxd5 11. Nxc6 Ne3 12. fxe3 Bb7 13. Rf1 Bxc6 14.
b3 O-O 15. Bb2 Bd6 16. Rc1 Bb7 17. Bd4 a5 18. Bc5 Rfc8 19. d3 Bd5 20. e4 Be6
21. d4 a4 22. d5 Bh3 23. Rf3 axb3 24. axb3 Bxc5 25. Rxc5 Rab8 26. e5 Rb7 27.
Kf2 Rcb8 28. Rf4 Bd7 29. Rfc4 Rxb3 30. Rxc7 R3b7 31. Kf3 Kf8 32. h4 h5 33. Kf4
Ke7 34. e4 Rxc7 35. Rxc7 Rb6 36. Ra7 Rb3 37. Ra8 Bg4 38. Ra7+ Bd7 39. Ra8 Bg4
40. Ra7+ Kd8 41. Ra8+ Kc7 42. Rf8 Rf3+ 43. Kg5 Kd7 44. Rg8 Rxg3 45. e6+ Bxe6+
46. Kxh5 Bg4+ 47. Kg5 Bh3+ 48. Kf4 Rg4+ 49. Kf3 Ke7 50. e5 Rg1 51. Kf2 Rg6 52.
Ke3 Bd7 53. Kd4 Rg4+ 54. Kc5 Bf5 55. h5 Rg5 56. Rh8 Bg4 57. Ra8 Rxh5 58. Kd4
Bd7 59. Rg8 g5 60. Ke3 g4 61. Kf4 Rf5+ 62. Ke4 Rf1 63. d6+ Ke6 64. Rxg4 Re1+
65. Kd4 Rxe5 66. Rg7 Rd5+ 67. Ke4 Rxd6 68. Rg8 f5+ 69. Kf4 Rd4+ 70. Ke3 Re4+
71. Kf3 Bc6 72. Rg6+ Kd5 73. Rf6 Bd7 74. Rf7 Be6 75. Rf6 Ke5 76. Rf8 Ra4 77.
Re8 Ra3+ 78. Kf2 Kd5 79. Re7 f4 80. Re8 Bg4 81. Rd8+ Ke4 82. Re8+ Kd3 83. Rd8+
Kc2 84. Rg8 Rf3+ 85. Kg2 Rg3+ 86. Kf2 Kd2 87. Rd8+ Rd3 88. Rg8 Be2 89. Rf8 Rf3+
90. Kg2 Ke1 91. Rf6 Rg3+ 92. Kh2 Rg4 93. Kh3 Kf2 94. Rf8 Rg3+ 95. Kh2 f3 96.
Rh8 Rg7 97. Rh6 Ke1 98. Rb6 f2 99. Rd6 f1=Q 100. Rd1+ Kf2 0-1

[Event "2023 Mary Thomson Cup (Division A)"]
[Site "Woodvale, Perth WA AUS"]
[Date "2023.02.15"]
[Round "3"]
[White "Davoll, Josh"]
[Black "Maris, Rob"]
[Result "0-1"]
[ECO "B48"]
[WhiteElo "1927"]
[BlackElo "2078"]
[PlyCount "62"]
[EventDate "2023.02.01"]
[EventType "tourn"]
[EventRounds "7"]
[EventCountry "AUS"]
[TimeControl "3600+30"]

1. e4 c5 2. Nf3 Nc6 3. d4 cxd4 4. Nxd4 e6 5. Nc3 Qc7 6. Be3 a6 7. Qf3 Ne5 8.
Qg3 d6 9. O-O-O Bd7 10. f4 Nc4 11. Bxc4 Qxc4 12. Nb3 Qc7 13. Rd3 b5 14. f5 Rc8
15. fxe6 fxe6 16. Qf2 b4 17. Rf1 Nf6 18. e5 dxe5 19. Bb6 Qc4 20. Rf3 bxc3 21.
Rxf6 cxb2+ 22. Kb1 gxf6 23. Na5 Qf4 24. Qe2 Qg5 25. Be3 Qg6 26. Rf3 Ba4 27. Nb3
Bb5 28. Qf2 Rxc2 29. Qg3 Rxg2+ 30. Qxg6+ hxg6 31. Bd2 Rhxh2 0-1

[Event "2023 Mary Thomson Cup (Division A)"]
[Site "Woodvale, Perth WA AUS"]
[Date "2023.02.15"]
[Round "3"]
[White "O'Shaughnessy, Dave"]
[Black "Gibson, Jacob"]
[Result "0-1"]
[ECO "A00"]
[WhiteElo "1986"]
[BlackElo "1964"]
[PlyCount "68"]
[EventDate "2023.02.01"]
[EventType "tourn"]
[EventRounds "7"]
[EventCountry "AUS"]
[TimeControl "3600+30"]

1. b4 d5 2. Bb2 Nf6 3. Nf3 Bg4 4. e3 Nbd7 5. Be2 e6 6. a3 Bd6 7. d4 c6 8. Nbd2
a5 9. b5 Nb6 10. c4 dxc4 11. Nxc4 Nxc4 12. Bxc4 Qb6 13. Qe2 O-O 14. Rc1 Rac8
15. O-O Bxf3 16. gxf3 Qc7 17. Kh1 Qe7 18. a4 Nd5 19. Rg1 cxb5 20. Bxb5 Rxc1 21.
Rxc1 Qh4 22. f4 Nxf4 23. exf4 Bxf4 24. f3 Bxc1 25. Bxc1 Qxd4 26. Be3 Qd6 27.
Qd2 Qc7 28. Qf2 Rd8 29. Kg2 Qc3 30. Kg3 e5 31. Bb6 Rd6 32. Qc5 Rg6+ 33. Kf2
Qb2+ 34. Be2 Qxb6 0-1

[Event "2023 Mary Thomson Cup (Division B)"]
[Site "Woodvale, Perth WA AUS"]
[Date "2023.02.15"]
[Round "3"]
[White "List, Ross"]
[Black "De Yaak, Peter"]
[Result "1/2-1/2"]
[ECO "D30"]
[WhiteElo "1773"]
[BlackElo "1892"]
[PlyCount "85"]
[EventDate "2023.02.01"]
[EventType "tourn"]
[EventRounds "7"]
[EventCountry "AUS"]
[TimeControl "3600+30"]

1. c4 c6 2. d4 d5 3. e3 e6 4. Nf3 Nf6 5. b3 Nbd7 6. Bd3 Ne4 7. O-O Bd6 8. Nbd2
f5 9. Bb2 O-O 10. Ne5 Qh4 11. Ndf3 Qh5 12. Nxd7 Bxd7 13. Ne5 Qe8 14. f3 Ng5 15.
Qc1 h6 16. Ba3 Bxa3 17. Qxa3 Nh7 18. Qb4 Rb8 19. Qd6 Rd8 20. Qb4 Bc8 21. Qa5 a6
22. Rac1 Nf6 23. a4 Nd7 24. f4 Nxe5 25. fxe5 Qe7 26. cxd5 exd5 27. b4 Rde8 28.
b5 axb5 29. axb5 Qg5 30. Qd2 Bd7 31. bxc6 Bxc6 32. Rb1 Ra8 33. Ra1 Rae8 34. Qf2
g6 35. Qf4 Ra8 36. g3 Kg7 37. Qxg5 hxg5 38. Rfb1 Rxa1 39. Rxa1 f4 40. Kf2 f3
41. g4 Rh8 42. Kg3 Rf8 43. Kf2 1/2-1/2

[Event "2023 Mary Thomson Cup (Division B)"]
[Site "Woodvale, Perth WA AUS"]
[Date "2023.02.15"]
[Round "3"]
[White "Barry, David"]
[Black "Mechlowski, Lennard"]
[Result "1/2-1/2"]
[ECO "C10"]
[WhiteElo "1895"]
[BlackElo "1805"]
[PlyCount "53"]
[EventDate "2023.02.01"]
[EventType "tourn"]
[EventRounds "7"]
[EventCountry "AUS"]
[TimeControl "3600+30"]

1. e4 e6 2. d4 d5 3. Nc3 dxe4 4. Nxe4 Nd7 5. Nf3 Ngf6 6. Bg5 Be7 7. Nxf6+ Nxf6
8. Bd3 O-O 9. O-O c5 10. Re1 Qc7 11. c3 b6 12. Qc2 h6 13. Bh4 Bb7 14. dxc5 Qxc5
15. Nd4 Qd5 16. f3 Bc5 17. Bxf6 gxf6 18. Kh1 Bxd4 19. Be4 Qd7 20. cxd4 Rad8 21.
Qd2 Kg7 22. Bxb7 Qxb7 23. Re4 Rd5 24. Qf2 Rh8 25. Rc1 Qb8 26. Qc2 Rhd8 27. Qf2
1/2-1/2

[Event "2023 Mary Thomson Cup (Division B)"]
[Site "Woodvale, Perth WA AUS"]
[Date "2023.02.15"]
[Round "3"]
[White "Clarke, Daniel"]
[Black "Curthoys, Edward"]
[Result "0-1"]
[ECO "B15"]
[WhiteElo "1854"]
[BlackElo "1826"]
[PlyCount "56"]
[EventDate "2023.02.01"]
[EventType "tourn"]
[EventRounds "7"]
[EventCountry "AUS"]
[TimeControl "3600+30"]

1. e4 c6 2. d4 d5 3. Nc3 dxe4 4. Nxe4 Nf6 5. Nxf6+ exf6 6. c3 Bf5 7. Bd3 Bg6 8.
Ne2 Bd6 9. Bf4 O-O 10. Bxg6 hxg6 11. Bxd6 Qxd6 12. Qc2 Re8 13. O-O-O Qe6 14.
Rhe1 Qxa2 15. Nf4 Nd7 16. Kd2 Qa5 17. h4 c5 18. Ra1 Qc7 19. Rxe8+ Rxe8 20. g3
Qd6 21. Qd3 Qb6 22. Kc2 Rc8 23. Qc4 Re8 24. Nd5 Qe6 25. Kd2 b5 26. Qa2 Qe2+ 27.
Kc1 Qxf2 28. b4 Re1# 0-1

[Event "2023 Mary Thomson Cup (Division B)"]
[Site "Woodvale, Perth WA AUS"]
[Date "2023.02.15"]
[Round "3"]
[White "Janceski, Alex"]
[Black "Leonhardt, Wolfgang"]
[Result "1/2-1/2"]
[ECO "C13"]
[WhiteElo "1870"]
[BlackElo "1778"]
[PlyCount "67"]
[EventDate "2023.02.01"]
[EventType "tourn"]
[EventRounds "7"]
[EventCountry "AUS"]
[TimeControl "3600+30"]

1. e4 e6 2. d4 d5 3. Nd2 dxe4 4. Nxe4 Nf6 5. Bg5 Be7 6. Bxf6 gxf6 7. Nf3 Bd7 8.
Be2 Bc6 9. Ng3 Nd7 10. c3 Bd6 11. Qc2 Qe7 12. a3 f5 13. c4 O-O-O 14. b4 Bxg3
15. hxg3 Nf6 16. Rh4 Be4 17. Bd3 Rhg8 18. Kf1 Rg4 19. Re1 Rxh4 20. Nxh4 Rxd4
21. Bxe4 Rxe4 22. f3 Rxe1+ 23. Kxe1 Qd6 24. Kf2 Qd4+ 25. Kf1 Qe5 26. f4 Qa1+
27. Ke2 Ne4 28. g4 Qxa3 29. gxf5 Nd6 30. fxe6 fxe6 31. Qxh7 Qa2+ 32. Kf3 Qxc4
33. Ng6 Qc6+ 34. Kg3 1/2-1/2

[Event "2023 Mary Thomson Cup (Division C)"]
[Site "Woodvale, Perth WA AUS"]
[Date "2023.02.15"]
[Round "3"]
[White "De Vas, Yonal"]
[Black "Rafiei Darani, Daryoush"]
[Result "1-0"]
[ECO "E81"]
[WhiteElo "1739"]
[BlackElo "1712"]
[PlyCount "63"]
[EventDate "2023.02.01"]
[EventType "tourn"]
[EventRounds "7"]
[EventCountry "AUS"]
[TimeControl "3600+30"]

1. d4 Nf6 2. c4 g6 3. f3 Bg7 4. e4 d6 5. Be3 O-O 6. Nc3 c5 7. dxc5 dxc5 8. Qxd8
Rxd8 9. Bxc5 Nc6 10. Ba3 Bh6 11. Rd1 Nd4 12. Bxe7 Nc2+ 13. Ke2 Rxd1 14. Nxd1
Nh5 15. g3 Be6 16. b3 Re8 17. Bc5 Rd8 18. Be3 Bg7 19. Bh3 Rxd1 20. Kxd1 Nxe3+
21. Kd2 Bxh3 22. Nxh3 Bd4 23. Re1 Ng7 24. Rxe3 Bxe3+ 25. Kxe3 Ne6 26. Nf4 Nc7
27. Kd4 g5 28. Nd5 Ne6+ 29. Ke5 Kg7 30. b4 b6 31. f4 g4 32. Nf6 1-0

[Event "2023 Mary Thomson Cup (Division C)"]
[Site "Woodvale, Perth WA AUS"]
[Date "2023.02.15"]
[Round "3"]
[White "Oswald, Franz"]
[Black "Hintz, Steven"]
[Result "1-0"]
[ECO "D58"]
[WhiteElo "1620"]
[BlackElo "1606"]
[PlyCount "71"]
[EventDate "2023.02.01"]
[EventType "tourn"]
[EventRounds "7"]
[EventCountry "AUS"]
[TimeControl "3600+30"]

1. d4 Nf6 2. c4 e6 3. Nc3 d5 4. Bg5 Be7 5. e3 O-O 6. Nf3 b6 7. cxd5 exd5 8. Bd3
h6 9. Bh4 Re8 10. Rc1 c6 11. Ne5 Bb7 12. Qc2 Nfd7 13. Bxe7 Qxe7 14. Nxd7 Nxd7
15. Qe2 Nf6 16. O-O Qd6 17. Ba6 Bc8 18. Bxc8 Raxc8 19. a3 Ne4 20. Qa6 Rc7 21.
Qa4 Nf6 22. Qc2 Rec8 23. Qe2 Re8 24. Rc2 Ne4 25. Rfc1 Nxc3 26. Rxc3 Rec8 27. b4
b5 28. Qf3 Qe6 29. Qe2 Qd6 30. Qc2 Qe6 31. Qd1 Qd6 32. R1c2 a6 33. Qc1 Qe6 34.
Qd1 Qd6 35. Qg4 Re7 36. Qxc8+ 1-0